 Dungeon Crawl Stone Soup version 0.26.0-45-g9c1d065592 (webtiles) character file.

Game seed: 13852617842667592265

184 Kejsarherre the Covered (level 5, -3/64 HPs)
             Began as a Gnoll Wanderer on Jan 30, 2021.
             Killed from afar by an orc wizard (8 damage)
             ... with a magic dart
             ... on level 4 of the Dungeon.
             The game lasted 00:04:13 (2155 turns).

Kejsarherre the Covered (Gnoll Wanderer)            Turns: 2155, Time: 00:04:14

Health: -3/64      AC: 22    Str: 14    XL:     5   Next: 63%
Magic:  21/21      EV:  2    Int: 18    God:
Gold:   50         SH:  0    Dex: 12    Spells: 13/14 levels left

rFire    . . .     SeeInvis .   f - +5 long sword "Goblin's Demise" {vorpal, rC+ Will+ MP+9}
rCold    + . .     Faith    .   (no shield)
rNeg     + + +     Spirit   .   (armour currently unavailable)
rPois    +         Reflect  .   (helmet currently unavailable)
rElec    .         Harm     .   (cloak currently unavailable)
rCorr    .         Rampage  .   (gloves currently unavailable)
Will     +....     NoTele   +   (boots currently unavailable)
Stlth    ++........             (no amulet)
HPRegen  0.20/turn              (no ring)
MPRegen  0.17/turn              (no ring)

@: tree-form
A: distributed training, strong nose
a: no special abilities


You were on level 4 of the Dungeon.
You were a tree.
You visited 1 branch of the dungeon, and saw 4 of its levels.

You collected 50 gold pieces.

Inventory:

Hand Weapons
 d - a +2 whip of electrocution
 f - the +5 long sword "Goblin's Demise" (weapon) {vorpal, rC+ Will+ MP+9}
   (You took it off an orc priest on level 4 of the Dungeon)

   It inflicts extra damage upon your enemies.
   It protects you from cold.
   It affects your willpower, your defense against some magical effects.
   It affects your magic capacity (+9).
Armour
 c - a +0 ring mail (melded)
Scrolls
 e - a scroll of magic mapping {unknown}


   Skills:
 + Level 4.8 Fighting
 + Level 1.6 Short Blades
 + Level 1.6 Long Blades
 + Level 1.6 Axes
 + Level 1.6 Maces & Flails
 + Level 1.6 Polearms
 + Level 1.6 Staves
 + Level 1.6 Slings
 + Level 1.6 Bows
 + Level 1.6 Crossbows
 + Level 1.6 Throwing
 + Level 6.7 Armour
 + Level 1.6 Dodging
 + Level 2.8 Stealth
 + Level 1.6 Shields
 + Level 1.6 Unarmed Combat
 + Level 5.2 Spellcasting
 + Level 1.2 Conjurations
 + Level 2.4 Hexes
 + Level 1.2 Summonings
 + Level 1.2 Necromancy
 + Level 1.2 Translocations
 + Level 1.2 Transmutations
 + Level 1.2 Fire Magic
 + Level 1.2 Ice Magic
 + Level 1.2 Air Magic
 + Level 1.2 Earth Magic
 + Level 1.2 Poison Magic
 + Level 1.8 Invocations
 + Level 3.0 Evocations


You had 13 spell levels left.
You knew the following spells:

 Your Spells              Type           Power        Failure   Level
a - Corona                Hex            14%          4%          1

Your spell library contained the following spells:

 Spells                   Type           Power        Failure   Level
 Ensorcelled Hibernation  Hex/Ice        22%          9%          2
 Confusing Touch          Hex            13%          14%         3
 Tukima's Dance           Hex            13%          14%         3
 Dazzling Flash           Conj/Hex       22%          19%         3


Dungeon Overview and Level Annotations

Branches:
Dungeon (4/15)
 Temple: D:4-7

Altars:
Okawaru
Wu Jian


Innate Abilities, Weirdness & Mutations

Your experience applies equally to all skills.
((You have very sharp teeth.))
Your uncanny sense of smell can sniff out nearby items.


Message History

The orc wizard is almost dead.
Something hits you but does no damage.
The orc wizard hits you but does no damage.
Something hits you but does no damage.
The orc wizard hits you but does no damage.
You barely miss the orc wizard.
The orc wizard is almost dead.
You hear some strange, mumbled words.
A puff of flame appears from out of thin air!
The puff of flame hits you.
* * * LOW HITPOINT WARNING * * *
The orc wizard casts a spell.
The orc wizard blinks!
Something hits you but does no damage.
Unknown command.
Unknown command.
You slash something! Something hits you but does no damage.
You hear some strange, mumbled words.
A magic dart appears from out of thin air!
The magic dart hits you!
You die...

#.# ... ... #.#
#.# #.#
#.##########
##.#####
#.#...o♣{oo#
.......#
#.#.######...[.
"#.###.# #.#.####
...
.#.###.###......#
.
.......[.).......+
.....†...)....#.##
#.#####......#.#.#
#.# #.......###..
#.# #.....##.# ###


You could see an orc wizard (fast) and 2 orcs.

Vanquished Creatures
  An orc priest (D:4)
  A hound (D:4)
  An orc wizard (D:4)
  A hound skeleton (D:4)
  A gnoll (D:1)
  An adder (D:4)
  A shadow imp (D:4)
  An ooze (D:2)
  6 worms
  A dart slug (D:1)
  A leopard gecko (D:1)
  2 orcs (D:4)
  3 giant cockroaches
  5 hobgoblins
  A quokka (D:2)
  4 bats
  3 frilled lizards
  A goblin (D:1)
  8 kobolds
  2 rats (D:1)
45 creatures vanquished.

Vanquished Creatures (others)
  A plant (D:2)
1 creature vanquished.

Grand Total: 46 creatures vanquished

Notes
Turn   | Place    | Note
-------+----------+-------------------------------------------
     0 | D:1      | Kejsarherre the Gnoll Wanderer began the quest for the Orb.
     0 | D:1      | Kejsarherre set off with the following items: a +0 spear, a
                  | +0 ring mail; and the following spell memorised: Corona;
                  | and the following spells available to memorise: Ensorcelled
                  | Hibernation, Confusing Touch, Tukima's Dance, Dazzling
                  | Flash
     0 | D:1      | Reached XP level 1. HP: 20/20 MP: 6/6
   124 | D:1      | Reached XP level 2. HP: 22/26 MP: 4/7
   381 | D:1      | Reached XP level 3. HP: 28/31 MP: 9/9
   454 | D:1      | Reached skill level 5 in Spellcasting
   773 | D:2      | Found an ornate altar of the Wu Jian Council.
   808 | D:2      | Found a faded altar of an unknown god.
   816 | D:2      | Reached skill level 1 in Invocations
   986 | D:2      | Reached skill level 1 in Short Blades
   986 | D:2      | Reached skill level 1 in Long Blades
   986 | D:2      | Reached skill level 1 in Axes
   986 | D:2      | Reached skill level 1 in Maces & Flails
   986 | D:2      | Reached skill level 1 in Polearms
   986 | D:2      | Reached skill level 1 in Staves
   986 | D:2      | Reached skill level 1 in Slings
   986 | D:2      | Reached skill level 1 in Bows
   986 | D:2      | Reached skill level 1 in Crossbows
   986 | D:2      | Reached skill level 1 in Throwing
   986 | D:2      | Reached skill level 1 in Dodging
   986 | D:2      | Reached skill level 1 in Shields
   986 | D:2      | Reached skill level 1 in Unarmed Combat
  1270 | D:2      | Reached XP level 4. HP: 34/38 MP: 11/11
  1891 | D:4      | Reached skill level 1 in Conjurations
  1891 | D:4      | Reached skill level 1 in Summonings
  1891 | D:4      | Reached skill level 1 in Necromancy
  1891 | D:4      | Reached skill level 1 in Translocations
  1891 | D:4      | Reached skill level 1 in Transmutations
  1891 | D:4      | Reached skill level 1 in Fire Magic
  1891 | D:4      | Reached skill level 1 in Ice Magic
  1891 | D:4      | Reached skill level 1 in Air Magic
  1891 | D:4      | Reached skill level 1 in Earth Magic
  1891 | D:4      | Reached skill level 1 in Poison Magic
  1891 | D:4      | Found an iron altar of Okawaru.
  1976 | D:4      | Reached XP level 5. HP: 35/43 MP: 12/12
  1996 | D:4      | Identified the +5 long sword "Goblin's Demise" {vorpal, rC+
                  | Will+ MP+9}
  2155 | D:4      | Killed from afar by an orc wizard

Illustrated notes

Levels and vault maps discovered:
D:1:      amcnicky_arrival_feature_with_door, layout_basic
D:2:      wad_lake_hut, layout_loops_corners, overflow_temple_1_default,
          chequers_ecumenical_altar_simple
D:3:      layout_loops_ring, kennysheep_slug_shrine, gammafunk_ghost_arena,
          serial_glass, glass_columns_b, glass_columns_a, minmay_misc_feat_x
D:4:      layout_loops_corners, marbit_many_paths, tgw_trog, serial_shops,
          nicolae_shop_trees, kennysheep_another_room, uniq_natasha

Skill      XL: |  1  2  3  4  5 |
---------------+----------------+-----
Hexes          | 2 |  2.4
Spellcasting   | 5 |  5.2
Invocations    | 1 |  1.8
Short Blades   | 1 |  1.6
Long Blades    | 1 |  1.6
Axes           | 1 |  1.6
Maces & Flails | 1 |  1.6
Polearms       | 1 |  1.6
Staves         | 1 |  1.6
Slings         | 1 |  1.6
Bows           | 1 |  1.6
Crossbows      | 1 |  1.6
Throwing       | 1 |  1.6
Dodging        | 1 |  1.6
Shields        | 1 |  1.6
Unarmed Combat | 1 |  1.6
Conjurations   | 1 |  1.2
Summonings     | 1 |  1.2
Necromancy     | 1 |  1.2
Translocations | 1 |  1.2
Transmutations | 1 |  1.2
Fire Magic     | 1 |  1.2
Ice Magic      | 1 |  1.2
Air Magic      | 1 |  1.2
Earth Magic    | 1 |  1.2
Poison Magic   | 1 |  1.2
Evocations     | 3 |  3.0
Fighting       | |  4.8
Armour         | |  6.7
Stealth        | |  2.8

Action                   |  1- 3 |  4- 6 || total
-------------------------+-------+-------++-------
Melee: Spear             |    16 |       ||    16
       Whip              |    82 |    30 ||   112
       Bite              |     7 |     2 ||     9
       Punch             |     1 |       ||     1
       Long sword        |       |    12 ||    12
 Cast: Corona            |     2 |       ||     2
  Use: Scroll            |     3 |     2 ||     5
       Potion            |       |     2 ||     2
 Stab: Sleeping          |     2 |     1 ||     3
Armor: Ring mail         |    31 |    15 ||    46
       Skin              |       |     7 ||     7
Dodge: Dodged            |    33 |    11 ||    44
